 Dungeon Crawl Stone Soup version 0.22-a0-392-g5dc3fd9 (webtiles) character file.

304 raistware the Chiller (level 6, -1/41 HPs)
             Began as a Vampire Ice Elementalist on May 2, 2018.
             Slain by an orc wizard
             ... wielding a +0 dagger
              (6 damage)
             ... on level 4 of the Dungeon.
             The game lasted 00:16:33 (4471 turns).

raistware the Chiller (Vampire Ice Elementalist)    Turns: 4471, Time: 00:16:34

Health: -1/41      AC:  2    Str:  7    XL:     6   Next: 15%
Magic:  6/10       EV: 13    Int: 19    God:
Gold:   146        SH:  0    Dex: 15    Spells: 5/11 levels left

rFire    + . .     SeeInvis +   r - +0 morningstar
rCold    + . .     Gourm    .   (no shield)
rNeg     + . .     Faith    .   a - +0 robe
rPois    +         Spirit   .   (no helmet)
rElec    +         Reflect  .   (no cloak)
rCorr    +         Harm     .   (no gloves)
MR       +....                  (no boots)
Stlth    ++........             (no amulet)
HPRegen  0.13/turn              c - ring of protection from magic
MPRegen  0.12/turn              (no ring)

@: resistant
A: fangs 3, see invisible, unbreathing
a: Bat Form


You were on level 4 of the Dungeon.
You were not thirsty.

You visited 1 branch of the dungeon, and saw 4 of its levels.

You collected 146 gold pieces.

Inventory:

Hand Weapons
 b - a +0 hand axe
 r - a +0 morningstar (weapon)
Armour
 a - a +0 robe (worn)
Jewellery
 c - a ring of protection from magic (left hand)
Wands
 h - a wand of paralysis (12)
 p - a wand of random effects (28)
Scrolls
 d - a scroll of remove curse {unknown}
 e - a scroll of enchant weapon {unknown}
 f - a scroll of magic mapping {unknown}
 g - 4 scrolls of identify {unknown}
 i - a scroll of amnesia {unknown}
 j - a scroll of enchant armour {unknown}
 k - a scroll of blinking {unknown}
 m - a scroll of noise {unknown}
 q - a scroll of random uselessness {unknown}
Potions
 n - a potion of agility


   Skills:
 - Level 2.1 Dodging
 - Level 3.0 Stealth
 + Level 3.2 Spellcasting
 + Level 2.4 Conjurations
 + Level 5.3 Ice Magic


You had 5 spell levels left.
You knew the following spells:

 Your Spells              Type           Power        Failure   Level  Hunger
a - Freeze                Ice            ###.         1%          1    None
b - Throw Frost           Conj/Ice       ###...       4%          2    ##.....
c - Ozocubu's Armour      Chrm/Ice       ##......     16%         3    ###....


Dungeon Overview and Level Annotations

Branches:
Dungeon (4/15)
 Temple: D:4-7

Altars:
Cheibriados
Kikubaaqudgha
Okawaru
Uskayaw

Annotations:
D:2 exclusion: phantom, Sigmund
D:3 Curus's ghost, amateur MfTm; Terence
D:4 Robin


Innate Abilities, Weirdness & Mutations

You have razor-sharp teeth.
You have supernaturally acute eyesight. (SInv)
You can survive without breathing.


Message History

The orc wizard is no longer moving quickly.
The orc wizard looks encouraged for a moment.
The orc wizard casts a cantrip, but nothing happens.
Casting: Freeze (safe; 1% risk of failure)
Confirm with . or Enter, or press ? or * to list all spells.
Aiming: Freeze (safe; 1% risk of failure)
Press: ? - help, Shift-Dir - straight line, f/p - orc wizard
Aim: an orc wizard, wielding a dagger and wearing a robe (moderately wounded)
You freeze the orc wizard.
The orc wizard is moderately wounded.
The orc wizard misses you.
Casting: Freeze (safe; 1% risk of failure)
Confirm with . or Enter, or press ? or * to list all spells.
Aiming: Freeze (safe; 1% risk of failure)
Press: ? - help, Shift-Dir - straight line, f/p - orc wizard
Aim: an orc wizard, wielding a dagger and wearing a robe (moderately wounded)
You freeze the orc wizard.
The orc wizard is heavily wounded.
The orc wizard hits you with a dagger.
You die...

############# .........#..#####
######....ggo@.##########
########..###g###..........#
#........## #.# #..........#
#.###########g###..........######
..##.g.g...##o##................#
##go.####.###o##...........######
##.### #....gh.............#
.......o...#..########.#####
..####....##..##### #.##


You could see an orc wizard, a hobgoblin and 2 goblins.

Vanquished Creatures
  An ogre (D:4)
  A hound (D:4)
  Ijyb (D:3)
  A worker ant (D:4)
  4 adders
  2 oozes (D:2)
  4 worms (D:2)
  5 dart slugs
  5 leopard geckos
  4 orcs
  5 bats
  2 giant cockroaches (D:1)
  7 goblins
  10 hobgoblins
  5 jackals
  A ball python (D:1)
  3 frilled lizards
  7 kobolds
  6 rats
74 creatures vanquished.

Notes
Turn   | Place    | Note
-------+----------+-------------------------------------------
     0 | D:1      | raistware the Vampire Ice Elementalist began the quest for the Orb.
     0 | D:1      | Reached XP level 1. HP: 13/13 MP: 3/3
   227 | D:1      | Reached XP level 2. HP: 19/19 MP: 3/5
   231 | D:1      | Learned a level 2 spell: Throw Frost
   719 | D:1      | Reached skill level 1 in Conjurations
   966 | D:2      | Reached skill level 4 in Ice Magic
   966 | D:2      | Reached XP level 3. HP: 8/24 MP: 3/6
   971 | D:2      | Learned a level 3 spell: Ozocubu's Armour
  1515 | D:2      | Found an iron altar of Okawaru.
  1515 | D:2      | Noticed a phantom
  1904 | D:2      | Found an ancient bone altar of Kikubaaqudgha.
  1906 | D:2      | Reached XP level 4. HP: 30/30 MP: 4/7
  1936 | D:2      | Noticed Sigmund
  2317 | D:3      | Noticed Curus's ghost (amateur MfTm)
  3245 | D:3      | Noticed Ijyb
  3265 | D:3      | Killed Ijyb
  3364 | D:3      | Noticed Terence
  3622 | D:4      | Reached XP level 5. HP: 35/35 MP: 2/8
  3727 | D:4      | Found a snail-covered altar of Cheibriados.
  3784 | D:4      | Noticed an ogre
  3803 | D:4      | Killed an ogre
  3803 | D:4      | Reached skill level 5 in Ice Magic
  3904 | D:4      | Reached XP level 6. HP: 29/41 MP: 3/10
  3977 | D:4      | Found a hide-covered altar of Uskayaw.
  4411 | D:4      | Noticed Robin
  4471 | D:4      | Slain by an orc wizard

Vault maps used:
D:1:      mainiacjoe_arrival_reflecting_pool
D:2:      old_standard_altar, okawaru_ov_weapons_minmay, first_ration,
          uniq_sigmund
D:3:      gammafunk_temple_overflow_elements, uniq_ijyb, uniq_terence
D:4:      lemuel_doored_altar, kennysheep_slug_shrine, serial_shops,
          nicolae_shop_stone, uniq_robin

Skill      XL: |  1  2  3  4  5 |
---------------+----------------+-----
Conjurations   | 1 2 |  2.4
Ice Magic      | 4 5 |  5.3
Spellcasting   | 3 |  3.2
Dodging        | |  2.1
Stealth        | |  3.0

Action                   |  1- 3 |  4- 6 || total
-------------------------+-------+-------++-------
Melee: Unarmed           |     5 |       ||     5
       Hand axe          |    42 |    40 ||    82
       Bite              |     2 |     2 ||     4
       Morningstar       |       |    22 ||    22
 Cast: Freeze            |    48 |    34 ||    82
       Throw Frost       |    13 |    31 ||    44
       Ozocubu's Armour  |       |     1 ||     1
  Use: Potion            |     5 |     5 ||    10
 Stab: Sleeping          |       |     1 ||     1
       Distracted        |       |     1 ||     1
  Eat: Corpse            |     6 |     5 ||    11
Armor: Robe              |     8 |    16 ||    24
Dodge: Dodged            |    59 |    85 ||   144

Table legend:
 A = Spawn XP
 B = Non-spawn XP
 C = Spawn XP percentage of total XP
 D = Spawn monster count
 E = Non-spawn monster count
 F = Spawn count percentage of total count
 G = Total turns spent on level
                    A         B        C        D         E        F      G
               +---------+---------+-------+---------+---------+-------+---------
         Total |       0 |     435 |   0.0 |       0 |      74 |   0.0 |  4471
               +---------+---------+-------+---------+---------+-------+---------
           D:1 |       0 |      33 |   0.0 |       0 |      16 |   0.0 |   804
           D:2 |       0 |      75 |   0.0 |       0 |      21 |   0.0 |  1990
           D:3 |       0 |      81 |   0.0 |       0 |      21 |   0.0 |   824
           D:4 |       0 |     246 |   0.0 |       0 |      16 |   0.0 |   853
               +---------+---------+-------+---------+---------+-------+---------
